 Dungeon Crawl Stone Soup version 0.25-a0-667-gb977e01cb5 (webtiles) character file.

Game seed: 899335061769674527, levelgen mode: deterministic

1469 kae the Destroyer (level 8, -1/41 HPs)
             Began as a Tengu Air Elementalist on Mar 27, 2020.
             Slain by a two-headed ogre
             ... wielding a +0 giant club
              (22 damage)
             ... on level 6 of the Dungeon.
             The game lasted 00:07:12 (5064 turns).

kae the Destroyer (Tengu Air Elementalist)          Turns: 5064, Time: 00:07:13

Health: -1/41      AC:  7    Str:  8    XL:     8   Next: 77%
Magic:  0/25       EV: 15    Int: 18    God:
Gold:   248        SH:  0    Dex: 15    Spells: 2/17 levels left

rFire    . . .     SeeInvis .   j - +0 whip (drain)
rCold    . . .     Gourm    .   (no shield)
rNeg     . . .     Faith    .   a - +1 robe
rPois    .         Spirit   +   (helmet restricted)
rElec    .         Reflect  .   d - scarf {Spirit}
rCorr    .         Harm     .   (no gloves)
MR       .....                  (boots unavailable)
Stlth    ++........             (no amulet)
HPRegen  0.13/turn              k - ring of magical power
MPRegen  0.19/turn              t - +4 ring of protection

@: sluggish, flying quickly and evasively, very slow
A: beak, talons 3, able to fly
a: Stop Flying


You were on level 6 of the Dungeon.
You were near starving.

You visited 1 branch of the dungeon, and saw 6 of its levels.

You collected 248 gold pieces.

Inventory:

Hand Weapons
 j - a +0 whip of draining (weapon)
Armour
 a - a +1 robe (worn)
 d - a scarf of spirit shield (worn)
Jewellery
 k - a ring of magical power (left hand)
 l - an uncursed amulet of faith
 n - an uncursed ring of see invisible
 t - a +4 ring of protection (right hand)
Wands
 o - a wand of polymorph (7)
Scrolls
 e - 3 scrolls of enchant armour
 u - a scroll of identify
Potions
 b - 4 potions of haste
 f - a potion of magic
 g - 2 potions of lignification
 h - a potion of flight {unknown}
 i - 2 potions of heal wounds {unknown}
 m - a potion of cancellation {unknown}
 p - 2 potions of brilliance {unknown}
 q - a potion of curing
Comestibles
 c - 7 rations
 r - 7 chunks of flesh


   Skills:
 - Level 2.1 Dodging
 - Level 2.0 Stealth
 + Level 5.1 Spellcasting
 * Level 9.8 Conjurations
 + Level 8.0 Air Magic


You had 2 spell levels left.
You knew the following spells:

 Your Spells              Type           Power        Failure   Level  Hunger
a - Shock                 Conj/Air       ####         1%          1    None
b - Static Discharge      Conj/Air       #####...     1%          3    ##.....
c - Airstrike             Air            ####......   4%          4    ####...
d - Lightning Bolt        Conj/Air       #####.....   10%         5    ######.
e - Swiftness             Chrm/Air       ###.....     3%          2    #......

Your spell library contained the following spells:

 Spells                   Type           Power        Failure   Level  Hunger
 Animate Skeleton         Necr           N/A          13%         1    None
 Pain                     Necr           #...         13%         1    None
 Vampiric Draining        Necr           #.........   36%         3    ##.....
 Animate Dead             Necr           N/A          78%         4    ####...
 Agony                    Necr           #.......     98%         5    ######.


Dungeon Overview and Level Annotations

Branches:
Dungeon (6/15)             Temple (0/1) D:6

Altars:
Dithmenos
Gozag
Kikubaaqudgha
Okawaru
Qazlal
Sif Muna

Annotations:
D:6 2 runed translucent doors


Innate Abilities, Weirdness & Mutations

You have a beak for a mouth.
You have claws for feet.
You can fly continuously.


Message History

The two-headed ogre barely misses you. x2
You hit the two-headed ogre but do no damage.
The two-headed ogre is almost dead.
You start to feel a little slower.
The two-headed ogre hits you with a +0 giant club!
The two-headed ogre barely misses you.
Found a scroll labeled ORGHYE ZEAV.
Casting: Lightning Bolt (slightly dangerous; 10% risk of failure)
Confirm with . or Enter, or press ? or * to list all spells.
Aiming: Shock (safe; 1% risk of failure)
Press: ? - help, Shift-Dir - straight line The zap hits the two-headed ogre.
The two-headed ogre is almost dead.
The zap hits the two-headed ogre.
The two-headed ogre is almost dead.
You feel sluggish. The two-headed ogre closely misses you.
The two-headed ogre hits you with a +0 giant spiked club!!
Ouch! That really hurt!
You die...

##.## ##.#.#.#
##...
.#.##.##..#.#.#
####
#..#........#.# ###
..#..?>..#..# ....
........###.#+#....
..####..## ........
# ##..##........
#...#..##.......
.........O@#....
...#.##.##........
.. #. #...........
# #. #####...#### .
...# ...# ...# ...#


You could see a two-headed ogre.

Vanquished Creatures
  Pikel (D:4)
  An orc warrior (D:4)
  A sky beast (D:6)
  2 slaves (D:4)
  2 ogres
  A bullfrog (D:6)
  Blork the orc (D:6)
  2 howler monkeys (D:6)
  A bullfrog zombie (D:5)
  2 hounds
  A bullfrog skeleton (D:4)
  An iguana (D:4)
  4 worker ants
  A hound skeleton (D:4)
  5 adders
  3 gnolls (D:5)
  A shadow imp (D:4)
  3 oozes
  3 worms
  A dart slug (D:2)
  5 leopard geckos
  5 orcs
  8 bats
  6 giant cockroaches
  6 goblins
  7 hobgoblins
  4 jackals
  6 kobolds
  A quokka (D:5)
  A ball python (D:2)
  4 frilled lizards
  3 leopard gecko skeletons
  7 rats
100 creatures vanquished.

Notes
Turn   | Place    | Note
-------+----------+-------------------------------------------
     0 | D:1      | kae the Tengu Air Elementalist began the quest for the Orb.
     0 | D:1      | Reached XP level 1. HP: 10/10 MP: 4/4
   325 | D:1      | Reached skill level 2 in Conjurations
   334 | D:1      | Reached XP level 2. HP: 15/15 MP: 3/6
   560 | D:1      | Reached XP level 3. HP: 11/19 MP: 1/7
   654 | D:1      | Learned a level 3 spell: Static Discharge
   699 | D:1      | Reached skill level 3 in Conjurations
  1128 | D:2      | Found an ancient bone altar of Kikubaaqudgha.
  1197 | D:2      | Found an iron altar of Okawaru.
  1220 | D:2      | Reached XP level 4. HP: 23/24 MP: 1/8
  1908 | D:2      | Reached skill level 4 in Conjurations
  2444 | D:3      | Reached skill level 5 in Air Magic
  2509 | D:3      | Gained mutation: You can fly continuously. [Tengu growth]
  2509 | D:3      | Reached XP level 5. HP: 28/28 MP: 6/10
  2544 | D:3      | Learned a level 4 spell: Airstrike
  2957 | D:4      | Found a stormy altar of Qazlal.
  3001 | D:4      | Found a shadowy altar of Dithmenos.
  3008 | D:4      | Reached skill level 5 in Conjurations
  3128 | D:4      | Noticed a slave
  3131 | D:4      | Noticed a slave
  3131 | D:4      | Noticed a slave
  3175 | D:4      | Killed a slave
  3177 | D:4      | HP: 1/28 [slave[Pikel] (8)]
  3180 | D:4      | Killed a slave
  3206 | D:4      | Reached XP level 6. HP: 32/32 MP: 4/11
  3375 | D:4      | Noticed Pikel
  3378 | D:4      | Noticed a slave
  3404 | D:4      | Killed Pikel
  3404 | D:4      | Reached skill level 7 in Conjurations
  3404 | D:4      | Reached XP level 7. HP: 26/36 MP: 0/14
  3774 | D:5      | Entered Level 5 of the Dungeon
  3800 | D:5      | Reached skill level 8 in Conjurations
  3800 | D:5      | Reached XP level 8. HP: 41/41 MP: 8/15
  4394 | D:5      | Learned a level 5 spell: Lightning Bolt
  4397 | D:5      | Learned a level 2 spell: Swiftness
  4457 | D:5      | Found an opulent altar of Gozag.
  4464 | D:5      | Found a shimmering blue altar of Sif Muna.
  4775 | D:6      | Reached skill level 9 in Conjurations
  4919 | D:6      | Noticed Blork the orc
  4952 | D:6      | Killed Blork the orc
  4952 | D:6      | Reached skill level 5 in Spellcasting
  4995 | D:6      | Found a large runed translucent door.
  4995 | D:6      | Found a large runed translucent door.
  5000 | D:6      | Noticed an eight-headed hydra
  5024 | D:6      | Noticed a two-headed ogre
  5045 | D:6      | Found a staircase to the Ecumenical Temple.
  5064 | D:6      | Slain by a two-headed ogre

Levels and vault maps discovered:
D:1:      evilmike_arrival_fibonacci_small, layout_rooms, minmay_cupped
D:2:      layout_loops_cross, kiku_gazebo_garden_becter,
          okawaru_ov_weapons_minmay, first_ration
D:3:      layout_rooms
D:4:      layout_cave_pools, nicolae_qazlal_general_emergency, serial_bayou,
          serial_bayou_shore_b, serial_bayou_shore_b, serial_bayou_shore_b,
          serial_bayou_pond_b, chequers_serial_rivers_small_a,
          grunt_dithmenos_shadows, uniq_pikel
D:5:      layout_gridville, amethyst_overflow_temple_binary
D:6:      layout_basic, lemuel_crystal_altar, minmay_temple_entry_wispy,
          enter_ossuary_3, minmay_hollow_rounded_squares, uniq_blork_the_orc

Skill      XL: |  1  2  3  4  5  6  7  8 |
---------------+-------------------------+-----
Conjurations   | 2 3 4 5 7 8 9 |  9.8
Air Magic      | 5 6 8 |  8.0
Spellcasting   | 3 4 5 |  5.1
Dodging        | |  2.1
Stealth        | |  2.0

Action                   |  1- 3 |  4- 6 |  7- 9 || total
-------------------------+-------+-------+-------++-------
Melee: Unarmed           |    50 |     6 |       ||    56
       Kick              |     6 |     6 |    12 ||    24
       Peck              |     3 |     8 |     9 ||    20
       Hand axe          |       |    38 |       ||    38
       Whip              |       |       |    50 ||    50
 Cast: Shock             |    52 |    84 |    62 ||   198
       Static Discharge  |       |     5 |     5 ||    10
       Lightning Bolt    |       |       |     4 ||     4
       Airstrike         |       |       |     2 ||     2
       Swiftness         |       |       |     1 ||     1
 Abil: Fly               |       |     1 |       ||     1
  Use: Scroll            |     2 |     6 |     4 ||    12
       Potion            |       |     2 |     1 ||     3
 Stab: Sleeping          |     1 |       |     1 ||     2
  Eat: Chunk             |     1 |     8 |     5 ||    14
Armor: Robe              |    23 |     7 |    20 ||    50
       Skin              |       |    12 |       ||    12
Dodge: Dodged            |    68 |    53 |    68 ||   189

Table legend:
 A = Non-vault XP
 B = Vault XP
 C = Vault XP percentage of total XP
 D = Non-vault monster count
 E = Vault monster count
 F = Vault count percentage of total count
                 A         B        C        D         E       F
            +---------+---------+-------+---------+---------+-------
      Total |    1101 |     998 |  47.5 |      89 |       9 |   9.2
            +---------+---------+-------+---------+---------+-------
        D:1 |      48 |      10 |  17.2 |      27 |       3 |  10.0
        D:2 |      77 |       0 |   0.0 |      20 |       0 |   0.0
        D:3 |      46 |       0 |   0.0 |      11 |       0 |   0.0
        D:4 |     315 |     714 |  69.4 |      12 |       3 |  20.0
        D:5 |     290 |       0 |   0.0 |      13 |       0 |   0.0
        D:6 |     325 |     274 |  45.7 |       6 |       3 |  33.3
            +---------+---------+-------+---------+---------+-------
